 Dungeon Crawl Stone Soup version 0.27.1-34-g3ba077fa99 (webtiles) character file.

Game seed: 6994639950521390812

158 cbfl8 the Covered (level 5, -3/45 HPs)
             Began as a Minotaur Wanderer on Jan 18, 2022.
             Succumbed to Terence's poison
             ... on level 3 of the Dungeon.
             The game lasted 00:05:38 (4179 turns).

cbfl8 the Covered (Minotaur Wanderer)               Turns: 4179, Time: 00:05:39

Health: -3/45      AC:  7    Str: 15    XL:     5   Next: 16%
Magic:  4/4        EV: 10    Int: 13    God:
Gold:   41         SH:  0    Dex:  8    Spells: 3/4 levels left

rFire    . . .     SeeInvis .   a - +2 dagger
rCold    . . .     Faith    .   (no shield)
rNeg     . . .     Spirit   .   h - +1 ring mail
rPois    .         Reflect  .   (helmet restricted)
rElec    .         Harm     .   j - +0 cloak
rCorr    .         Rampage  .   (no gloves)
Will     .....                  (no boots)
Stlth    +.........             (no amulet)
HPRegen  0.15/turn              (no ring)
MPRegen  0.09/turn              (no ring)

@: lethally poisoned (-3 -> -26)
A: horns 2, retaliatory headbutt
a: no special abilities


You were on level 3 of the Dungeon.
You visited 1 branch of the dungeon, and saw 3 of its levels.

You collected 41 gold pieces.

Inventory:

Hand Weapons
 a - a +2 dagger (weapon)
 c - a +0 mace
 f - a +1 vorpal hand axe
 m - a +0 falchion
 n - a +0 rapier
Missiles
 e - 17 poisoned darts
Armour
 d - a +0 robe
 h - a +1 ring mail (worn)
 j - a +0 cloak (worn)
Wands
 k - a wand of iceblast (21)
Scrolls
 g - a scroll of identify {unknown}
 i - a scroll of immolation
 l - 2 scrolls of noise
Potions
 b - 4 potions of curing {unknown}
 o - a potion of might {unknown}


   Skills:
 + Level 3.5 Fighting
 + Level 2.1 Short Blades
 + Level 1.2 Axes
 + Level 1.0 Throwing
 + Level 3.6 Armour
 + Level 1.5 Dodging
 + Level 1.6 Stealth
 + Level 1.3 Summonings
 + Level 1.9 Air Magic


You had 3 spell levels left.
You knew the following spells:

 Your Spells              Type           Power      Damage    Failure   Level
a - Shock                 Conj/Air       8%         1d3       38%         1

Your spell library contained the following spells:

 Spells                   Type           Power      Damage    Failure   Level
 Mephitic Cloud           Conj/Pois/Air  1%         N/A       80%         3
 Airstrike                Air            2%         N/A       95%         4
 Summon Lightning Spire   Summ/Air       4%         N/A       97%         4
 Lightning Bolt           Conj/Air       1%         1d12      100%        5


Dungeon Overview and Level Annotations

Branches:
Dungeon (3/15)

Altars:

Annotations:
D:3 Terence


Innate Abilities, Weirdness & Mutations

You have a pair of horns on your head.
You reflexively headbutt those who attack you in melee.


Message History

You hit Terence but do no damage.
Terence is moderately wounded.
You feel very sick. Terence hits you but does no damage.
You are more poisoned.
Unknown command.
You hit Terence but do no damage.
Terence is moderately wounded.
You feel very sick.
Terence hits you with a +1 short sword of venom.
Unknown command.
You hit Terence.
Terence is moderately wounded.
You feel very sick.
Unknown command.
You hit Terence but do no damage. Your headbutt misses Terence.
Terence is moderately wounded.
You feel very sick.
Terence hits you with a +1 short sword of venom.
* * * LOW HITPOINT WARNING * * *
You are lethally poisoned!
Unknown command.
As you read the scroll labelled IDAISH EMONIAM, it crumbles to dust.
The creatures around you are filled with an inner flame!
It was a scroll of immolation.
* * * LOW HITPOINT WARNING * * *
You feel very sick. Terence barely misses you.
As you read the scroll labelled XIVACW NOWK, it crumbles to dust.
You hear a loud clanging noise!
It was a scroll of noise.
* * * LOW HITPOINT WARNING * * *
You feel very sick.
Terence hits you with a +1 short sword of venom.
* * * LOW HITPOINT WARNING * * *
You are more poisoned.
As you read the scroll labelled GIOKU REKOUCW, it crumbles to dust.
It is a scroll of enchant armour.
Your +0 ring mail glows green for a moment.
You die...

# #.##### #...#≈≈
# #.'.. #.#####
###≈. #....# #≈.
#@@##.#.. #≈.
#........ #≈.
#.##############≈.
#..............#§.
##############.#§.
#.#≈§ #.#§§ #.#§.
#.##'


You could see Terence (inner flame).

Vanquished Creatures
  Natasha (thrice) (D:2)
  A gnoll (D:1)
  A worm (D:2)
  2 dart slugs (D:1)
  3 bats
  9 endoplasms
  14 giant cockroaches
  5 goblins
  3 hobgoblins
  3 jackals (D:2)
  2 quokkas
  4 ball pythons
  4 frilled lizards
  2 kobolds
  2 rats
58 creatures vanquished.

Notes
Turn   | Place    | Note
-------+----------+-------------------------------------------
     0 | D:1      | cbfl8 the Minotaur Wanderer began the quest for the Orb.
     0 | D:1      | cbfl8 set off with the following items: a +2 dagger, a
                  | scroll of blinking, a +0 mace, a +0 robe; and the following
                  | spell memorised: Shock; and the following spells available
                  | to memorise: Mephitic Cloud
     0 | D:1      | Reached XP level 1. HP: 18/18 MP: 0/0
   140 | D:1      | Reached XP level 2. HP: 20/25 MP: 1/1
  1035 | D:1      | Reached XP level 3. HP: 4/30 MP: 2/2
  1843 | D:2      | Noticed Natasha
  1857 | D:2      | Killed Natasha
  1858 | D:2      | Reached skill level 1 in Dodging
  2117 | D:2      | Reached skill level 1 in Short Blades
  2117 | D:2      | Reached XP level 4. HP: 29/38 MP: 3/3
  2587 | D:2      | Noticed Natasha
  2593 | D:2      | Killed Natasha
  2867 | D:2      | Noticed Natasha
  2878 | D:2      | Killed Natasha
  3379 | D:2      | Reached XP level 5. HP: 43/45 MP: 4/4
  4166 | D:3      | Noticed Terence
  4178 | D:3      | HP: 2/45 [Terence (3)]
  4179 | D:3      | Succumbed to Terence's poison

Illustrated notes

Levels and vault maps discovered:
D:1:      ncdulo_wetmaze, layout_rooms
D:2:      minmay_roachtagon, layout_loops_corners, uniq_natasha
D:3:      layout_loops_ring, kennysheep_small_spiral, item_on_display_a,
          uniq_terence, uniq_crazy_yiuf_cottage

Skill      XL: |  1  2  3  4 |
---------------+-------------+-----
Fighting       | 3 |  3.5
Armour         | 3 |  3.6
Dodging        | 1 |  1.5
Short Blades   | 1 2 |  2.1
Axes           | |  1.2
Throwing       | |  1.0
Stealth        | |  1.6
Summonings     | |  1.3
Air Magic      | |  1.9

Action                   |  1- 3 |  4- 6 || total
-------------------------+-------+-------++-------
Melee: Dagger            |    81 |   104 ||   185
       Headbutt          |    11 |    13 ||    24
  Use: Scroll            |     1 |     3 ||     4
 Stab: Sleeping          |     1 |       ||     1
Armor: Robe              |    13 |       ||    13
       Ring mail         |    16 |    37 ||    53
Dodge: Dodged            |    44 |    41 ||    85
